 Dungeon Crawl Stone Soup version 0.30.1-4-g462c640d31 (webtiles) character file.

Game seed: 17648950940722000323

1438 Cheops the Spear-Bearer (level 8, -18/52 HPs)
             Began as a Merfolk Summoner on Sept 12, 2023.
             Killed from afar by a steam dragon (22 damage)
             ... with a ball of steam
             ... on level 6 of the Dungeon.
             The game lasted 00:20:33 (5640 turns).

Cheops the Spear-Bearer (Merfolk Summoner)          Turns: 5640, Time: 00:20:34

Health: -18/52     AC:  3    Str:  8    XL:     8   Next: 74%
Magic:  8/12       EV: 12    Int: 17    God:
Gold:   239        SH:  0    Dex: 14    Spells: 3/13 levels left

rFire   . . .        b - +0 trident (drain)
rCold   . . .        (no shield)
rNeg    . . .        j - +0 robe
rPois   .            o - +0 hat
rElec   .            (no cloak)
rCorr   .            (no gloves)
SInv    +            y - +0 pair of boots
Will    .....        (no amulet)
Stlth   ++           u - ring of see invisible
HPRegen 0.28/turn    (no ring)
MPRegen 0.13/turn

%: no passive effects
@: no status effects
A: (nimble swimmer 2), mertail
a: no special abilities


You were on level 6 of the Dungeon.
You visited 1 branch of the dungeon, and saw 6 of its levels.

You collected 239 gold pieces.

Inventory:

Hand Weapons
 a - a +2 vampiric spear
 b - a +0 trident of draining (weapon)
Missiles
 q - 2 throwing nets
Armour
 j - a +0 robe (worn)
 o - a +0 hat (worn)
 y - a +0 pair of boots (worn)
Jewellery
 u - a ring of see invisible (left hand)
Wands
 s - a wand of roots (8)
 E - a wand of mindburst (13)
Scrolls
 c - 2 scrolls of enchant armour {unknown}
 e - a scroll of fear {unknown}
 g - 2 scrolls of enchant weapon {unknown}
 h - a scroll of immolation {unknown}
 i - 2 scrolls of noise {unknown}
 p - a scroll of blinking
 r - 5 scrolls of teleportation {unknown}
 x - a scroll of butterflies {unknown}
 z - a scroll of torment {unknown}
 B - a scroll of amnesia {unknown}
 C - a scroll of poison
 D - a scroll of acquirement {unknown}
Potions
 d - a potion of resistance {unknown}
 f - 2 potions of haste {unknown}
 k - a potion of magic
 l - a potion of flight
 m - 2 potions of brilliance
 n - 2 potions of attraction
 v - a potion of berserk rage {unknown}
 w - a potion of degeneration {unknown}
 A - a potion of might {unknown}


   Skills:
 + Level 9.1 Polearms
 - Level 2.6 Dodging
 - Level 2.1 Stealth
 - Level 3.0 Spellcasting
 * Level 5.7 Summonings
 - Level 5.0 Air Magic


You had 3 spell levels left.
You knew the following spells:

 Your Spells              Type           Power      Damage    Failure   Level
c - Call Canine Familiar  Summ           21%        N/A       4%          3
i - Call Imp              Summ           42%        N/A       2%          2
l - Summon Lightning Spi  Summ/Air       20%        N/A       19%         4
m - Summon Small Mammal   Summ           84%        N/A       1%          1

Your spell library contained the following spells:

 Spells                   Type           Power      Damage    Failure   Level
 Cigotuvi's Dreadful Rot  Necr/Pois/Air  16%        N/A       14%         2
 Summon Guardian Golem    Hex/Summ       12%        N/A       16%         3
 Apportation              Tloc           4%         N/A       17%         1
 Sandblast                Erth           4%         2d4       17%         1
 Passwall                 Tmut/Erth      1%         N/A       26%         2
 Gell's Gravitas          Tloc           2%         N/A       45%         3
 Ignite Poison            Fire/Tmut/Pois 2%         N/A       45%         3
 Inner Flame              Hex/Fire       2%         N/A       45%         3
 Stone Arrow              Conj/Erth      4%         3d7       45%         3
 Teleport Other           Tloc           2%         N/A       45%         3
 Freezing Cloud           Conj/Ice/Air   4%         6-21      94%         5
 Alistair's Intoxication  Tmut/Pois      1%         N/A       99%         5
 Yara's Violent Unravell  Hex/Tmut       1%         3d3       99%         5
 Dispersal                Tloc           1%         N/A       100%        6
 Enfeeble                 Hex            1%         N/A       100%        7


Dungeon Overview and Level Annotations

Branches:
Dungeon (6/15)
 Temple: D:4-7

Altars:
Hepliaklqana
Xom
Yredelemnul


Innate Abilities, Weirdness & Mutations

((You are very nimble when in or above water. (Stealth+, EV+, Speed+++)))
Your lower body shifts to a powerful aquatic tail in water.


Message History

The steam dragon is heavily wounded.
The steam dragon bites you but does no damage.
The steam dragon claws you but does no damage.
You hit the steam dragon.
The steam dragon is heavily wounded.
The steam dragon bites you!
* * * LOW HITPOINT WARNING * * *
The steam dragon closely misses you.
You hit the steam dragon but do no damage.
You drain the steam dragon.
The steam dragon is severely wounded.
The steam dragon bites you.
* * * LOW HITPOINT WARNING * * *
The steam dragon claws you but does no damage.
You feel much better.
Your lightning spire disappears in a puff of smoke!
The steam dragon breathes steam at you. The ball of steam misses you.
The steam dragon bites you.
* * * LOW HITPOINT WARNING * * *
The steam dragon claws you.
* * * LOW HITPOINT WARNING * * *
The steam dragon attacks as you move away!
The steam dragon bites you.
* * * LOW HITPOINT WARNING * * *
The steam dragon claws you.
* * * LOW HITPOINT WARNING * * *
The steam dragon attacks as you move away!
The steam dragon bites you.
* * * LOW HITPOINT WARNING * * *
The steam dragon claws you.
* * * LOW HITPOINT WARNING * * *
You hit the steam dragon but do no damage.
You drain the steam dragon.
The steam dragon is severely wounded.
You barely miss the steam dragon.
The steam dragon is severely wounded.
The steam dragon breathes steam at you. The ball of steam hits you!!
You die...

..##.#. #..§...).. .......
##..>..... ...<...
#........ ....... #§...##.#
.......## ##### ##D..## ##
........###...####.....##
.............##.........###
........#D...#............#
.....§..#.@...............#
..............≈≈≈≈≈≈≈≈≈....
..............≈.......≈....
..........#...≈.≈≈≈≈≈.≈....
..........#...≈.≈.._≈.≈....
..........#...≈.≈.≈≈≈.≈....
...............)≈.....≈....
.........#....≈≈≈≈≈≈≈≈≈....
...###.#.#....≈.....≈...#[.


You could see a steam dragon (catching breath, very drained).

Vanquished Creatures
  A phantom (D:5)
  A scorpion (D:5)
  2 wights (D:6)
  A vampire bat (D:5)
  2 hounds
  An orc priest (D:6)
  An orc wizard (D:4)
  3 adders
  A worm (D:3)
  A dart slug (D:2)
  3 fire bats (D:5)
  6 orcs
  2 spectral bats (D:5)
  10 bats
  3 bat skeletons (D:5)
  A bat zombie (D:5)
  2 endoplasms (D:3)
  A giant cockroach (D:1)
  6 goblins
  5 hobgoblins
  4 jackals
  A quokka (D:3)
  4 ball pythons
  A bat simulacrum (D:5)
  4 frilled lizards (D:1)
  6 kobolds
  4 rats
77 creatures vanquished.

Vanquished Creatures (collateral kills)
  A water moccasin (D:5)
  An orc warrior (D:6)
  4 ogres
  A scorpion (D:6)
  2 wights (D:6)
  An orc wizard (D:3)
  3 iguanas
  4 adders
  An ufetubus (D:5)
  2 dart slugs
  8 orcs
  3 endoplasms
  2 giant cockroaches
  5 hobgoblins
  4 jackals
  A quokka (D:4)
  3 ball pythons
  A bat (D:1)
  A frilled lizard (D:1)
  2 goblins (D:1)
  A kobold (D:2)
  2 rats (D:1)
53 creatures vanquished.

Grand Total: 130 creatures vanquished

Notes
Turn   | Place    | Note
-------+----------+-------------------------------------------
     0 | D:1      | Cheops the Merfolk Summoner began the quest for the Orb.
     0 | D:1      | Reached XP level 1. HP: 13/13 MP: 3/3
    32 | D:1      | Found a faded altar of an unknown god.
    68 | D:1      | Reached XP level 2. HP: 17/19 MP: 1/5
   374 | D:1      | Learned a level 2 spell: Call Imp
   530 | D:1      | Reached skill level 1 in Polearms
   615 | D:1      | Reached XP level 3. HP: 21/24 MP: 3/7
   881 | D:1      | Reached skill level 2 in Polearms
  1161 | D:1      | Learned a level 3 spell: Call Canine Familiar
  1493 | D:2      | Reached skill level 3 in Polearms
  1551 | D:2      | Reached XP level 4. HP: 30/30 MP: 5/8
  2173 | D:3      | Reached skill level 4 in Polearms
  2260 | D:3      | Reached XP level 5. HP: 28/35 MP: 2/9
  2841 | D:3      | Learned a level 4 spell: Summon Lightning Spire
  3134 | D:4      | Reached skill level 5 in Summonings
  3220 | D:4      | Noticed an ogre
  3232 | D:4      | Killed an ogre
  3233 | D:4      | Reached skill level 5 in Polearms
  3233 | D:4      | Reached skill level 1 in Air Magic
  3233 | D:4      | Reached XP level 6. HP: 41/41 MP: 2/10
  3591 | D:4      | Found a hazy altar of Hepliaklqana.
  3764 | D:5      | Entered Level 5 of the Dungeon
  3855 | D:5      | Noticed a water moccasin
  3874 | D:5      | Killed a water moccasin
  3875 | D:5      | Reached skill level 6 in Polearms
  3875 | D:5      | Reached XP level 7. HP: 13/46 MP: 7/11
  4191 | D:5      | Reached skill level 7 in Polearms
  4691 | D:5      | Reached XP level 8. HP: 52/52 MP: 12/12
  5385 | D:6      | Found a basalt altar of Yredelemnul.
  5390 | D:6      | Found a shimmering altar of Xom.
  5436 | D:6      | Reached skill level 8 in Polearms
  5471 | D:6      | Reached skill level 5 in Air Magic
  5536 | D:6      | Reached skill level 9 in Polearms
  5632 | D:6      | HP: 2/52 [steam dragon (4)]
  5640 | D:6      | Killed from afar by a steam dragon

Illustrated notes

Levels and vault maps discovered:
D:1:      lightli_molten_gateway, layout_basic,
          shapermc_ecumenical_altar_acropolis, minmay_quantized
D:2:      layout_loops_ring
D:3:      layout_basic
D:4:      layout_rooms, nicolae_hepliaklqana_hippocampus,
          minmay_misc_feat_secret_circle, kennysheep_small_spiral,
          amcnicky_mini_pool_small
D:5:      layout_basic, serial_bayou, serial_bayou_shore_a,
          serial_bayou_crossing, serial_bayou_ford_a, serial_bayou_pond_c,
          goddamned_bats
D:6:      layout_cave_pools, mainiacjoe_overflow_catwalk_spiral, temple_pool_b,
          gup_sewer_entry_bubbles, hangedman_decor_opposing

Skill      XL: |  1  2  3  4  5  6  7  8 |
---------------+-------------------------+-----
Spellcasting   | 3 |  3.0
Polearms       | 1 3 4 5 6 7 9 |  9.1
Summonings     | 5 |  5.7
Air Magic      | 1 2 4 5 |  5.0
Dodging        | |  2.6
Stealth        | |  2.1

Action                     |  1- 3 |  4- 6 |  7- 9 || total
---------------------------+-------+-------+-------++-------
  Melee: Unarmed           |    42 |       |       ||    42
         Spear             |    55 |   127 |    38 ||   220
         Punch             |     1 |       |     2 ||     3
         Trident           |       |       |   161 ||   161
   Cast: Summon Small Mamm |    20 |    10 |       ||    30
         Call Imp          |     6 |    12 |     3 ||    21
         Call Canine Famil |       |    10 |     7 ||    17
         Summon Lightning  |       |       |     4 ||     4
    Use: Potion            |       |     3 |     2 ||     5
         Scroll            |       |     5 |     2 ||     7
   Stab: Distracted        |     4 |     1 |     2 ||     7
         Sleeping          |     2 |     5 |     3 ||    10
 Armour: Robe              |    14 |     9 |    70 ||    93
  Dodge: Dodged            |    81 |    46 |   129 ||   256
